 Dungeon Crawl Stone Soup version 0.30.1-4-g462c640d31 (webtiles) character file.

Game seed: 4117261592659210475

12 101zpm the Magician (level 2, -6/21 HPs)
             Began as a Djinni Fire Elementalist on Sept 12, 2023.
             Blown up by Ijyb (7 damage)
             ... with a mindburst bolt
             ... on level 3 of the Dungeon.
             The game lasted 00:02:58 (318 turns).

101zpm the Magician (Djinni Fire Elementalist)       Turns: 318, Time: 00:02:58

Health: -6/21      AC:  2    Str:  7    XL:     2   Next: 45%
Gold:   41         EV: 12    Int: 16    God:
                   SH:  0    Dex: 13

rFire   + + .        (no weapon)
rCold   x . .        (no shield)
rNeg    . . .        a - +0 robe
rPois   ∞            (no helmet)
rElec   .            (no cloak)
rCorr   .            (no gloves)
SInv    .            (boots unavailable)
Will    .....        (no amulet)
Stlth   ++           (no ring)
HPRegen 0.23/turn    (no ring)
MPRegen 0.00/turn

%: infuse magic (-7 HP)
@: flying, very slightly contaminated
A: sickness immunity, fire resistance 2, cold vulnerability 1, float, innate
caster, HP casting, extra vitality 1
a: no special abilities


You were on level 3 of the Dungeon.
You visited 1 branch of the dungeon, and saw 3 of its levels.

You collected 41 gold pieces.

Inventory:

Armour
 a - a +0 robe (worn)
Potions
 b - 3 potions of curing {unknown}
 c - a potion of heal wounds {unknown}


   Skills:
 + Level 2.2 Dodging
 + Level 1.6 Stealth
 + Level 2.9 Spellcasting


You knew the following spells:

 Your Spells              Type           Power      Damage    Failure   Level
a - Foxfire               Conj/Fire      44%        2x1d6     6%          1
b - Scorch                Fire           22%        2d6       9%          2
c - Volatile Blastmotes   Fire/Tloc      22%        2d11      17%         3
d - Inner Flame           Hex/Fire       11%        N/A       17%         3
e - Flame Wave            Conj/Fire      11%        2d6       50%         4
Your spell library was empty.

Dungeon Overview and Level Annotations

Branches:
Dungeon (3/15)

Altars:
Zin

Shops:
D:3 *

Annotations:
D:3 Ijyb, Sigmund


Innate Abilities, Weirdness & Mutations

You are immune to sickness and miasma.
You are immune to poison.
Your flesh is very heat resistant. (rF++)
You are vulnerable to cold. (rC-)
You float through the air rather than walking.
You learn spells naturally, not from books.
Your magical power is your life essence.
You have superior vitality. (+4 MHP)


Message History

The foxfire hits the hobgoblin but does no damage.
The hobgoblin is severely wounded.
The foxfire hits the hobgoblin.
You kill the hobgoblin!
(D) Dungeon
Where to? (Enter - D:2, ? - help)
What level of the Dungeon? (default 1, ? - help)
Your foxfire dissipates!
Your foxfire dissipates!
There is a stone staircase leading down here.
You fly downwards.
Found a black potion.
There is a stone staircase leading up here.
Sorry, I don't know how to get there.
c - a black potion
Found Zin's Purification Station.
Found a book of Power.
Sigmund, Ijyb and a frilled lizard come into view.
Ijyb is wielding a +2 dagger of venom and carrying a wand of mindburst (13).
Found a throwing net.
Found a glowing silver altar of Zin.
Sigmund shouts!
The frilled lizard hisses angrily.
Ijyb zaps a wand.
Your mind is blasted!
Casting: Foxfire (safe; 6% risk of failure)
Confirm with . or Enter, or press ? or * to list all spells.
You miscast Scorch.
You are very lightly contaminated with residual magic.
Nothing appears to happen.
An endoplasm comes into view.
Sigmund gestures at you while chanting. The puff of flame hits you. You resist.
Ijyb zaps a wand.
Your mind is blasted!
* * * LOW HITPOINT WARNING * * *
The endoplasm quivers.
Casting: Scorch (safe; 9% risk of failure)
Confirm with . or Enter, or press ? or * to list all spells.
You don't have enough health to cast this spell.
Casting: Scorch (safe; 9% risk of failure)
Confirm with . or Enter, or press ? or * to list all spells.
You don't have enough health to cast this spell.
Ijyb zaps a wand.
Your mind is blasted!
You die...

#.##.#####.
#<.........
##....#####
#.........
#....#####
#....+
#....#
###...#
#..@..#
#...###
#...#
#..g...#
#...l....#
..(#......#
.##@..∩...#
#.......#
J......##


You could see Sigmund, Ijyb and a frilled lizard.

Vanquished Creatures
  A dart slug (D:1)
  An endoplasm (D:1)
  A giant cockroach (D:2)
  2 hobgoblins
  A bat (D:2)
  A frilled lizard (D:1)
  A kobold (D:1)
  3 rats
11 creatures vanquished.

Vanquished Creatures (others)
  38 foxfires
38 creatures vanquished.

Grand Total: 49 creatures vanquished

Notes
Turn   | Place    | Note
-------+----------+-------------------------------------------
     0 | D:1      | 101zpm the Djinni Fire Elementalist began the quest for the
                  | Orb.
     0 | D:1      | 101zpm set off with the following spells memorised:
                  | Foxfire, Scorch, Volatile Blastmotes, Inner Flame, Flame
                  | Wave.
     0 | D:1      | Reached XP level 1. HP: 15/15 MP: 0/0
   128 | D:1      | Reached XP level 2. HP: 19/21 MP: 0/0
   312 | D:3      | Found Zin's Purification Station.
   315 | D:3      | Found a glowing silver altar of Zin.
   315 | D:3      | Noticed Sigmund
   315 | D:3      | Noticed Ijyb
   316 | D:3      | HP: 1/21 [disintegration (8)]
   318 | D:3      | Blown up by Ijyb

Illustrated notes

Levels and vault maps discovered:
D:1:      lemuel_arrival_behind_the_door_large, layout_basic
D:2:      layout_basic, kennysheep_generic_room_4
D:3:      layout_basic, zin_purify, uniq_sigmund, uniq_ijyb, uniq_natasha

Action                     || total
---------------------------++-------
   Cast: Foxfire           ||    27
         Scorch            ||     1
